 Dungeon Crawl Stone Soup version 0.31-a0-664-g902f515a81 (webtiles) character file.

Game seed: 18095862846565243821

47 senseless the Changeling (level 3, 0/27 HPs)
             Began as a Merfolk Shapeshifter on Sept 2, 2023.
             Slain by Jessica
             ... wielding a +0 club
              (5 damage)
             ... on level 2 of the Dungeon.
             The game lasted 00:01:37 (1071 turns).

senseless the Changeling (Merfolk Shapeshifter)     Turns: 1071, Time: 00:01:38

Health: 0/27       AC:  2    Str: 16    XL:     3   Next: 70%
Magic:  3/3        EV: 13    Int:  9    God:
Gold:   44         SH:  0    Dex: 13    Spells: 2/2 levels left

rFire   . .          .
                       - Unarmed
rCold   . . .        (no shield)
rNeg    . . .        a - +0 animal skin
rPois   .            (helmet currently unavailable)
rElec   .            (cloak currently unavailable)
rCorr   .            (gloves currently unavailable)
SInv    .            (boots currently unavailable)
Will    .....        i - amulet of regeneration
Stlth   +            (no ring)
HPRegen 1.04/turn    (no ring)
MPRegen 0.08/turn

%: no passive effects
@: beast-form
A: beast (slay +2), (nimble swimmer 2), mertail
a: Begin Untransformation


You were on level 2 of the Dungeon.
You were a hulking beast.
You visited 1 branch of the dungeon, and saw 2 of its levels.

You collected 44 gold pieces.

Inventory:

Missiles
 l - a poisoned dart (quivered)
Armour
 a - a +0 animal skin (worn)
Jewellery
 h - an amulet of faith
 i - an amulet of regeneration (around neck)
Talismans
 c - a beast talisman (active)
 d - a flux talisman
Scrolls
 e - a scroll of revelation {unknown}
 f - a scroll of vulnerability {unknown}
 k - a scroll of teleportation {unknown}
Potions
 b - a potion of lignification
 g - a potion of magic {unknown}
 j - a potion of degeneration {unknown}


   Skills:
 + Level 1.9 Fighting
 + Level 3.3 Dodging
 + Level 3.7 Unarmed Combat
 * Level 4.8 Shapeshifting


You had 2 spell levels left.
You didn't know any spells.
Your spell library was empty.

Dungeon Overview and Level Annotations

Branches:
Dungeon (2/15)

Altars:

Annotations:
D:2 Jessica


Innate Abilities, Weirdness & Mutations

You are a hulking beast.
Your limbs bulge with bestial killing power. (Slay +2)
((You are very nimble when in or above water. (Stealth+, EV+, Speed+++)))
Your lower body shifts to a powerful aquatic tail in water.


Message History

You closely miss the orc. The orc closely misses you.
The orc hits you with a +0 club.
A hobgoblin comes into view.
The hobgoblin shouts!
The orc attacks as it pursues you! The orc barely misses you.
Jessica gestures wildly while chanting.
Jessica blinks!
You completely miss the orc. The orc hits you with a +0 dagger.
You punch the orc!
You kill the orc!
You hit the orc.
The orc is lightly wounded.
The orc hits you with a +0 club.
You closely miss the orc. The orc closely misses you.
You hit the orc.
The orc is almost dead.
The orc hits you with a +0 club.
You barely miss the orc.
The orc is almost dead.
The orc hits you with a +0 club.
You hit the orc.
You kill the orc!
You completely miss the hobgoblin. The hobgoblin hits you.
You punch the hobgoblin!
You kill the hobgoblin!
Jessica points at you and mumbles some strange words.
Pain shoots through your body!
* * * LOW HITPOINT WARNING * * *
Throw: 2 darts (poison)
Press: ? - help, Q - select action Shift-Dir - straight line, f - Jessica
Aim: Jessica, wielding a +0 club and wearing a +0 robe (57% to hit)
You throw a poisoned dart.
The poisoned dart closely misses Jessica.
You hit Jessica.
Jessica is severely wounded.
Jessica closely misses you.
You barely miss Jessica.
Jessica is severely wounded.
Jessica hits you with a +0 club.
You die...

#......# .....⌠...⌠....
######......# .....(.(......
#....<.....## ########......
#..........###### ###......
#...............#####........
#..........#...†.............
#..........####........#.....
###....##...####)##..........
#..#.....#.h##.)####$.#.....
.##.#.#.#.##@(.#.....###.##.
.##.⌠.###.⌠.##.##.#.... ....
## #. . ##......... ###. #.
..#..##### #. #.... # .#.##
...# ###


You could see Jessica.

Vanquished Creatures
  An adder (D:2)
  4 orcs (D:2)
  5 bats
  3 endoplasms
  2 giant cockroaches (D:1)
  5 hobgoblins
  4 ball pythons
  2 frilled lizards (D:1)
  3 kobolds (D:1)
  4 rats
33 creatures vanquished.

Notes
Turn   | Place    | Note
-------+----------+-------------------------------------------
     0 | D:1      | senseless the Merfolk Shapeshifter began the quest for the
                  | Orb.
     0 | D:1      | Reached XP level 1. HP: 15/15 MP: 1/1
   252 | D:1      | Reached XP level 2. HP: 21/21 MP: 2/2
  1008 | D:2      | Reached XP level 3. HP: 20/26 MP: 3/3
  1023 | D:2      | Noticed Jessica
  1071 | D:2      | Slain by Jessica

Illustrated notes

Levels and vault maps discovered:
D:1:      lightli_arrival_farm, layout_loops_ring, minmay_shallow_snake_nest
D:2:      layout_rooms, grunt_ministairs_2, corexii_corridor_pit,
          grunt_decor_mini_mirrors, uniq_sigmund, uniq_jessica

Skill      XL: |  1  2 |
---------------+-------+-----
Dodging        | 3 |  3.3
Fighting       | |  1.9
Unarmed Combat | |  3.7
Shapeshifting  | |  4.8

Action                     || total
---------------------------++-------
  Melee: Unarmed           ||    89
         Punch             ||     3
  Throw: Dart              ||     5
   Stab: Sleeping          ||     1
 Armour: Animal skin       ||    59
  Dodge: Dodged            ||    81

Table legend: (Time is in decaauts)
 A = Elapsed time spent in this place.
 B = Non-inter-level travel time spent in this place.
 C = Inter-level travel time spent in this place.
 D = Time resting spent in this place.
 E = Time spent auto-exploring this place.
 F = Levels seen in this place.
 G = Mean time per level.
                   A        B        C        D        E       F      G
               +--------+--------+--------+--------+--------+-----+--------+
         Total |   1048 |    933 |    115 |      4 |    747 |   2 |  524.0 |
       Dungeon |   1048 |    933 |    115 |      4 |    747 |   2 |  524.0 |
               +--------+--------+--------+--------+--------+-----+--------+

Top non-repeatable levels by time:
     D:1: 964 daAuts
     D:2: 83 daAuts
